Map: Turbo Cruise '84 LE

Players

TheNarnian - Winner!

  • Race: Terran Terran
  • League: Diamond
  • Spawn Location: 3:00

DarwinAwdWnr

  • Race: Zerg Zerg
  • Spawn Location: 7:00

VOD

Have the link to the VOD?

Description

Time

  • Played on: June 16, 2019, 2:30 p.m.
  • Length: 7:43
Show
View Real Time Build Order
Export as new Build Order

TheNarnian Terran - Winner!

Build Orders:  

Get SALT Encoding   

  12  0:01  SCV  
  13  0:13  SCV  
  14  0:15  Refinery  
  14  0:24  Refinery  
  14  0:27  SCV  
  15  0:39  Supply Depot  
  15  1:00  SCV  
  15  1:02  Barracks  
  16  1:12  SCV  
  16  1:18  Supply Depot  
  17  1:26  SCV  
  18  1:38  SCV  
  19  1:50  SCV  
  19  1:52  Factory  
  20  1:57  Marine  
  21  2:02  SCV  
  22  2:15  Marine  
  23  2:18  Orbital Command  
  23  2:33  Marine  
  24  2:38  Factory Tech Lab  
  24  2:41  Armory  
  24  2:44  SCV  
  24  2:50  Marine  
  26  2:56  SCV  
  26  2:58  Siege Tank  
  30  3:08  SCV  
  30  3:09  Supply Depot  
  31  3:16  Supply Depot  
  31  3:30  SCV  
  31  3:32  Thor  
  38  3:41  Supply Depot  
  38  3:42  SCV  
  39  3:49  Starport  
  39  3:56  SCV  
  40  4:11  SCV  
  40  4:15  Thor  
  47  4:19  Supply Depot  
  47  4:23  SCV  
  48  4:29  Starport Reactor  
  48  4:35  SCV  
  49  4:49  Supply Depot  
  49  4:50  Liberator  
  49  4:51  Liberator  
  49  4:53  SCV  
  49  4:58  Thor  
  56  5:05  SCV  
  63  5:17  SCV  
  64  5:29  SCV, Marine, Supply Depot  
  66  5:41  SCV  
  67  5:47  Marine  
  68  5:50  Liberator  
  68  5:53  SCV  
  68  5:54  Thor  
  75  6:05  SCV  
  79  6:13  Supply Depot  
  79  6:34  SCV  
  80  6:46  SCV  
  81  6:59  SCV  
  82  7:11  SCV  
Show
View Real Time Build Order
Export as new Build Order

DarwinAwdWnr Zerg 

Build Orders: Hatch First 

Get SALT Encoding   

  12  0:01  Drone  
  13  0:08  Drone  
  14  0:18  Overlord  
  14  0:36  Drone  
  14  0:39  Drone  
  16  0:52  Hatchery  
  16  0:57  Drone x2  
  17  1:04  Extractor  
  17  1:05  Drone  
  17  1:18  Spawning Pool  
  16  1:21  Drone  
  16  1:23  Drone  
  18  1:33  Drone  
  19  1:48  Drone  
  20  2:01  Overlord  
  20  2:05  Zergling x2  
  20  2:07  Zergling x2  
  22  2:15  Hatchery  
  21  2:16  Queen  
  23  2:25  Metabolic Boost  
  23  2:45  Drone x3  
  23  2:46  Queen  
  23  2:49  Drone  
  23  2:50  Drone  
  30  3:08  Baneling Nest  
  30  3:11  Drone x5  
  34  3:29  Queen  
  34  3:32  Drone x5  
  41  3:37  Overlord  
  41  3:49  Overlord  
  41  3:50  Overlord  
  41  3:55  Lair  
  41  4:15  Drone x7  
  48  4:39  Extractor  
  48  4:41  Extractor  
  46  4:46  Drone x4  
  46  4:47  Drone x3  
  53  5:00  Drone  
  53  5:01  Zergling x4, Drone x2  
  53  5:02  Overlord x2  
  53  5:03  Overlord  
  53  5:05  Centrifical Hooks  
  58  5:20  Queen x2  
  62  5:21  Queen  
  65  5:28  Zergling x2  
  65  5:29  Drone x5, Extractor, Zergling x8  
  65  5:30  Zergling x2, Drone, Extractor  
  65  5:35  Baneling x2  
  74  5:53  Spire, Extractor  
  74  5:56  Pneumatized Carapace  
  72  6:29  Roach Warren  
  72  6:30  Zergling x2  
  72  6:31  Zergling x4  
  72  6:32  Overlord x4  
  74  6:33  Overlord  
  74  6:39  Spine Crawler  
  72  6:41  Spine Crawler x2  
  72  6:42  Zergling x2, Spine Crawler  
  72  6:43  Zergling x6  
  71  6:56  Zergling x2  
  71  6:57  Zergling x18  
  79  7:09  Zergling x6  
  61  7:23  Zergling x2  
  61  7:24  Zergling x6  
Tags
 
League
Diamond
Matchup
TvZ
Replay Pack
10.7.19
Spawn Locations
Cross Positions
Add a new tag
Caveats
  • Supply blocks, unpowered buildings, or Contaminate may cause inaccurate times.
  • Supply counts are checked every 10 seconds.